General information
- name: BNet
- type: Ladder team game (AT/RT)
- host: Battle.net
- saver: COMMENTARIIDEBE
map: GolemsInTheMist
- players: 8
- length: 24:21
- speed: Fast
- version: 1.26 W3XP
- replay type: Public
» download(146 KB)
Players
team 1 (loser)
Multi-Thread (
blue | 35 APM | 841 actions | 24:20)
3 Archmage
1 Blizzard
1 Brilliance Aura
1 Summon Water Elemental
1 Blood Mage
1 Flame Strike
» actions
| Basic commands | 7 | |
| Build / train | 47 | |
| Enter build submenu | 23 | |
| Enter hero's abilities submenu | 4 | |
| Remove unit from queue | 3 | |
| Right click | 421 | |
| Select / deselect | 258 | |
| Use ability | 78 | |
841 total
» units
| Peasant | 7 | |
| Goblin Zeppelin | 4 | |
| Goblin Shredder | 1 | |
| Goblin Sapper | 1 | |
| Mortar Team | 1 | |
14 total
» upgrades
| Masonry | 3 | |
| Gunpowder | 2 | |
| Armor | 2 | |
| Plating | 2 | |
| Swords | 1 | |
10 total
» buildings
| Altar of Kings | 1 | |
| Farm | 9 | |
| Scout Tower | 4 | |
| Lumber Mill | 1 | |
| Arcane Tower | 1 | |
| Arcane Vault | 1 | |
| Guard Tower | 3 | |
| Blacksmith | 2 | |
| Keep | 1 | |
| Barracks | 1 | |
| Castle | 1 | |
| Arcane Sanctum | 1 | |
| Workshop | 2 | |
28 total
» build order
00:08 Altar of Kings
00:27 Farm
00:40 Scout Tower
00:46 Lumber Mill
01:11 Farm
01:49 Farm
03:27 Scout Tower
03:29 Arcane Tower
03:30 Scout Tower
03:34 Arcane Vault
03:38 Scout Tower
03:41 Farm
03:57 Guard Tower
03:59 Guard Tower
04:07 Farm
04:32 Guard Tower
05:42 Blacksmith
05:47 Blacksmith
06:14 Farm
08:21 Keep
08:28 Farm
09:09 Barracks
09:25 Farm
10:38 Farm
10:42 Castle
11:02 Arcane Sanctum
11:08 Workshop
11:36 Workshop
» items
| Scroll of Regeneration | 2 | |
| Lesser Clarity Potion | 4 | |
| Potion of Healing | 1 | |
7 total

»
kenseiw (
red | 77 APM | 1865 actions | 24:18)
4 Blademaster
2 Wind Walk
2 Critical Strike
1 Shadow Hunter
1 Healing Wave
» actions
| Assign group hotkey | 13 | |
| Basic commands | 65 | |
| Build / train | 40 | |
| Enter build submenu | 13 | |
| Enter hero's abilities submenu | 5 | |
| Give item / drop item | 1 | |
| Right click | 1228 | |
| Select / deselect | 315 | |
| Select group hotkey | 102 | |
| Use ability | 83 | |
1865 total
» units
| Peon | 10 | |
| Demolisher | 7 | |
| Goblin Zeppelin | 1 | |
18 total
» upgrades
| Ranged Weapons | 3 | |
| Burning Oil | 1 | |
| Reinforced Defenses | 1 | |
5 total
» buildings
| Altar of Storms | 1 | |
| Orc Burrow | 5 | |
| Voodoo Lounge | 1 | |
| War Mill | 1 | |
| Stronghold | 1 | |
| Barracks | 2 | |
| Fortress | 1 | |
| Spirit Lodge | 3 | |
15 total
» build order
00:08 Altar of Storms
00:12 Orc Burrow
00:50 Voodoo Lounge
01:35 War Mill
02:04 Orc Burrow
02:58 Stronghold
03:11 Barracks
04:06 Orc Burrow
04:53 Barracks
06:02 Orc Burrow
06:16 Orc Burrow
08:34 Fortress
11:21 Spirit Lodge
11:23 Spirit Lodge
11:28 Spirit Lodge
» items
| Healing Salve | 2 | |
| Lesser Clarity Potion | 3 | |
| Orb of Lightning | 1 | |
| Scroll of Town Portal | 1 | |
7 total
Nomarch (
orange | 81 APM | 1967 actions | 24:20)
4 Crypt Lord
2 Carrion Beetles
1 Spiked Carapace
1 Impale
» actions
| Assign group hotkey | 93 | |
| Basic commands | 114 | |
| Build / train | 63 | |
| Enter build submenu | 22 | |
| Enter hero's abilities submenu | 4 | |
| Remove unit from queue | 1 | |
| Right click | 845 | |
| Select / deselect | 416 | |
| Select group hotkey | 334 | |
| Use ability | 75 | |
1967 total
» units
| Acolyte | 8 | |
| Ghoul | 13 | |
| Crypt Fiend | 10 | |
| Goblin Shredder | 1 | |
| Gargoyle | 9 | |
41 total
» upgrades
| Creature Attack | 3 | |
| Burrow | 1 | |
| Web | 1 | |
| Creature Carapace | 3 | |
| Stone Form | 1 | |
9 total
» buildings
| Crypt | 2 | |
| Ziggurat | 8 | |
| Altar of Darkness | 1 | |
| Tomb of Relics | 1 | |
| Graveyard | 1 | |
| Halls of the Dead | 1 | |
| Spirit Tower | 3 | |
| Sacrificial Pit | 1 | |
| Black Citadel | 1 | |
| Necropolis | 1 | |
20 total
» build order
00:07 Crypt
00:18 Ziggurat
00:41 Altar of Darkness
01:04 Ziggurat
01:42 Tomb of Relics
02:18 Graveyard
02:39 Crypt
03:27 Halls of the Dead
05:20 Ziggurat
05:21 Ziggurat
07:35 Spirit Tower
07:37 Spirit Tower
08:23 Sacrificial Pit
09:25 Ziggurat
10:40 Ziggurat
10:41 Ziggurat
10:41 Ziggurat
11:35 Spirit Tower
12:43 Black Citadel
18:45 Necropolis
» items
| Rod of Necromancy | 1 | |
| Dust of Appearance | 1 | |
2 total
frankfmckeez (
pink | 39 APM | 949 actions | 24:20)
3 Blademaster
2 Wind Walk
1 Critical Strike
» actions
| Assign group hotkey | 19 | |
| Basic commands | 115 | |
| Build / train | 39 | |
| Enter build submenu | 13 | |
| Enter hero's abilities submenu | 3 | |
| Give item / drop item | 2 | |
| Right click | 293 | |
| Select / deselect | 146 | |
| Select group hotkey | 280 | |
| Use ability | 39 | |
949 total
» units
| Peon | 9 | |
| Grunt | 2 | |
| Goblin Shredder | 1 | |
| Wind Rider | 6 | |
| Goblin Zeppelin | 1 | |
| Goblin Sapper | 2 | |
21 total
» upgrades
| Ranged Weapons | 3 | |
| Armor | 3 | |
| Reinforced Defenses | 1 | |
| Envenomed Spears | 1 | |
8 total
» buildings
| Altar of Storms | 1 | |
| Orc Burrow | 5 | |
| Barracks | 1 | |
| Stronghold | 2 | |
| Voodoo Lounge | 1 | |
| War Mill | 1 | |
| Watch Tower | 3 | |
| Beastiary | 3 | |
| Fortress | 1 | |
18 total
» build order
00:11 Altar of Storms
00:21 Orc Burrow
00:41 Barracks
01:27 Orc Burrow
03:14 Stronghold
03:14 Stronghold
03:26 Voodoo Lounge
03:41 War Mill
05:12 Watch Tower
05:13 Watch Tower
05:14 Watch Tower
06:38 Beastiary
06:43 Beastiary
07:11 Orc Burrow
07:30 Orc Burrow
08:18 Fortress
09:59 Orc Burrow
10:06 Beastiary
» items
| Healing Salve | 2 | |
| Tiny Great Hall | 1 | |
3 total
team 2 (winner)
EhCanadiAn (
purple | 52 APM | 571 actions | 11:01)
1 Mountain King
1 Storm Bolt
1 Paladin
1 Holy Light
» actions
| Assign group hotkey | 8 | |
| Build / train | 37 | |
| ESC pressed | 4 | |
| Enter build submenu | 29 | |
| Enter hero's abilities submenu | 2 | |
| Remove unit from queue | 1 | |
| Right click | 222 | |
| Select / deselect | 125 | |
| Select group hotkey | 99 | |
| Use ability | 44 | |
571 total
» units
» upgrades
» buildings
| Lumber Mill | 1 | |
| Scout Tower | 18 | |
| Guard Tower | 13 | |
| Farm | 5 | |
| Arcane Tower | 1 | |
| Altar of Kings | 1 | |
| Keep | 1 | |
| Arcane Vault | 2 | |
| Castle | 1 | |
43 total
» build order
00:17 Lumber Mill
01:04 Scout Tower
01:05 Scout Tower
01:24 Scout Tower
01:27 Scout Tower
01:31 Guard Tower
01:32 Guard Tower
01:57 Guard Tower
01:59 Guard Tower
02:01 Scout Tower
02:09 Farm
02:20 Scout Tower
02:22 Scout Tower
02:38 Scout Tower
02:45 Guard Tower
03:08 Arcane Tower
04:02 Altar of Kings
04:19 Farm
04:46 Scout Tower
05:10 Guard Tower
05:20 Farm
06:01 Keep
06:37 Scout Tower
07:23 Arcane Vault
07:26 Scout Tower
07:27 Guard Tower
08:31 Scout Tower
08:32 Scout Tower
09:08 Guard Tower
09:11 Scout Tower
09:15 Scout Tower
09:46 Guard Tower
09:47 Guard Tower
09:48 Scout Tower
09:50 Scout Tower
09:59 Castle
10:04 Guard Tower
10:08 Farm
10:09 Farm
10:16 Guard Tower
10:17 Scout Tower
10:19 Guard Tower
10:21 Arcane Vault

»
Chucky (
teal | 48 APM | 559 actions | 11:34)
1 Blademaster
1 Wind Walk
» actions
| Build / train | 36 | |
| Enter build submenu | 14 | |
| Enter hero's abilities submenu | 1 | |
| Remove unit from queue | 1 | |
| Right click | 326 | |
| Select / deselect | 150 | |
| Use ability | 31 | |
559 total
» units
» upgrades
» buildings
| Orc Burrow | 4 | |
| Altar of Storms | 1 | |
| Barracks | 1 | |
| Voodoo Lounge | 1 | |
| War Mill | 1 | |
| Stronghold | 1 | |
| Beastiary | 2 | |
| Watch Tower | 2 | |
13 total
» build order
00:25 Orc Burrow
01:06 Altar of Storms
01:12 Barracks
01:23 Orc Burrow
01:59 Voodoo Lounge
04:15 War Mill
05:24 Stronghold
08:32 Beastiary
08:34 Beastiary
09:07 Watch Tower
09:10 Watch Tower
10:57 Orc Burrow
10:59 Orc Burrow
» items
| Healing Salve | 2 | |
| Lesser Clarity Potion | 2 | |
| Scroll of Speed | 3 | |
| Scroll of Town Portal | 1 | |
8 total

»
dilao (
yellow | 22 APM | 237 actions | 10:46)
2 Blademaster
1 Wind Walk
1 Critical Strike
» actions
| Build / train | 29 | |
| Enter build submenu | 10 | |
| Enter hero's abilities submenu | 2 | |
| Right click | 78 | |
| Select / deselect | 90 | |
| Use ability | 28 | |
237 total
» units
| Peon | 11 | |
| Grunt | 5 | |
| Troll Headhunter/Berserker | 8 | |
24 total
» upgrades
» buildings
| Orc Burrow | 6 | |
| Altar of Storms | 1 | |
| Barracks | 2 | |
| War Mill | 1 | |
| Stronghold | 1 | |
11 total
» build order
00:13 Orc Burrow
00:20 Altar of Storms
00:38 Barracks
01:29 Orc Burrow
02:42 Barracks
03:12 War Mill
04:49 Stronghold
04:55 Orc Burrow
06:47 Orc Burrow
07:33 Orc Burrow
10:13 Orc Burrow
COMMENTARIIDEBE (
green | 55 APM | 1333 actions | 24:21)
6 Archmage
3 Summon Water Elemental
2 Brilliance Aura
1 Mass Teleport
» actions
| Assign group hotkey | 16 | |
| Basic commands | 19 | |
| Build / train | 92 | |
| Enter build submenu | 31 | |
| Enter hero's abilities submenu | 6 | |
| Give item / drop item | 2 | |
| Remove unit from queue | 2 | |
| Right click | 509 | |
| Select / deselect | 356 | |
| Select group hotkey | 245 | |
| Use ability | 55 | |
1333 total
» units
| Peasant | 12 | |
| Footman | 4 | |
| Goblin Shredder | 1 | |
| Goblin Zeppelin | 1 | |
| Gryphon Rider | 7 | |
| Peon | 9 | |
34 total
» upgrades
| Masonry | 5 | |
| Swords | 3 | |
| Animal War Training | 1 | |
| Armor | 2 | |
| Defend | 1 | |
| Storm Hammers | 1 | |
| Cloud | 1 | |
| Spiked Barricades | 4 | |
| Reinforced Defenses | 2 | |
| Lumber Harvesting | 2 | |
| Long Rifles | 1 | |
| Backpack | 1 | |
| Troll Regeneration | 1 | |
| Berserker Upgrade | 1 | |
26 total
» buildings
| Altar of Kings | 1 | |
| Farm | 8 | |
| Barracks | 1 | |
| Arcane Vault | 1 | |
| Scout Tower | 7 | |
| Arcane Tower | 2 | |
| Keep | 1 | |
| Lumber Mill | 2 | |
| Blacksmith | 1 | |
| Castle | 1 | |
| Gryphon Aviary | 2 | |
| Town Hall | 1 | |
| Guard Tower | 5 | |
| Fortress | 2 | |
35 total
» build order
00:04 Altar of Kings
00:08 Farm
00:53 Barracks
01:30 Farm
01:38 Arcane Vault
02:16 Scout Tower
02:25 Farm
02:44 Arcane Tower
03:42 Farm
03:55 Keep
06:13 Lumber Mill
06:37 Blacksmith
06:44 Farm
06:52 Castle
07:58 Gryphon Aviary
08:02 Gryphon Aviary
08:42 Town Hall
09:29 Farm
09:35 Farm
10:58 Scout Tower
10:59 Scout Tower
11:01 Scout Tower
11:03 Scout Tower
11:26 Guard Tower
11:35 Arcane Tower
11:50 Guard Tower
11:54 Guard Tower
12:34 Fortress
13:01 Scout Tower
13:02 Scout Tower
13:33 Farm
13:39 Guard Tower
13:39 Guard Tower
19:01 Fortress
20:07 Lumber Mill
» items
| Lesser Clarity Potion | 1 | |
| Scroll of Regeneration | 6 | |
| Scroll of Town Portal | 1 | |
| Potion of Healing | 2 | |
| Orb of Fire | 1 | |
11 total
Chat log
(00:11 / Allies) Chucky: SwaG
(00:14 / All) Chucky: swag..
(00:20 / Allies) EhCanadiAn: towering
(00:27 / Allies) Chucky: k
(00:53 / Allies) Chucky: ill harras other side
(00:56 / Allies) EhCanadiAn: kk
(01:41 / Allies) Chucky: everyone else help purp
(05:48 / Allies) Chucky: ty bro
(06:10 / Allies) EhCanadiAn: HE TECHING RED
(07:31 / All) Multi-Thread: NOOB
(07:33 / All) Multi-Thread: TEAL
(10:03 / Allies) COMMENTARIIDEBE: it's 1 hero
(11:45 / All) COMMENTARIIDEBE: what a bunch of ragequitting faggots
(12:51 / All) COMMENTARIIDEBE: nice demos son
(12:52 / All) COMMENTARIIDEBE: get raped
(15:38 / All) COMMENTARIIDEBE: gryphons rape burrows retard
(15:44 / All) COMMENTARIIDEBE: magic damage vs heavy
(15:45 / All) COMMENTARIIDEBE: fuckwit
(15:47 / All) COMMENTARIIDEBE: kill yourself
(15:48 / All) COMMENTARIIDEBE: trash
(16:40 / All) frankfmckeez: blue the level 25 player got raped
(17:28 / All) COMMENTARIIDEBE: leave you lost faggots
(17:42 / All) Nomarch: it ain't over till the fat lady sings!
(17:43 / All) COMMENTARIIDEBE: commentarii de bello gallico et civili is a good book in latin
(17:44 / All) COMMENTARIIDEBE: got it today
(17:48 / All) Multi-Thread: TRASH ORANGE
(18:00 / All) COMMENTARIIDEBE: why so mad son
(18:03 / All) COMMENTARIIDEBE: you single threaded
(18:04 / All) COMMENTARIIDEBE: not multi
(18:09 / All) Multi-Thread: TRASH PINK
(18:19 / All) Multi-Thread: KILL YOUR SELF
(18:28 / All) COMMENTARIIDEBE: blue, please euthanise yourself
(18:36 / All) COMMENTARIIDEBE: he does not need to
(18:38 / All) COMMENTARIIDEBE: he raped you
(18:41 / All) COMMENTARIIDEBE: he is the superior being
(19:17 / All) COMMENTARIIDEBE: I never went above 50 food
(19:20 / All) Multi-Thread: KILL
(19:21 / All) Multi-Thread: TRASH
(19:24 / All) frankfmckeez: lawl
(19:26 / All) COMMENTARIIDEBE: You get the loss son
(19:28 / All) frankfmckeez: bblue wants me to kill u
(19:47 / All) Nomarch: I thought gargoyles were "g"
(19:48 / All) Nomarch: lozl
(19:55 / All) COMMENTARIIDEBE: They're A oddly
(20:12 / All) Multi-Thread: BIG TRASH ORANGE
(20:15 / All) Nomarch: RED IS THE FUGITIVE
(20:23 / All) COMMENTARIIDEBE: It's over, game over man. Just leave
(20:25 / All) frankfmckeez: im fairly certain i played blue before
(20:33 / All) Multi-Thread: BIG TRASH FRANKFMCKEEZ
(21:19 / All) Multi-Thread: green hass 9000 gold
(21:24 / All) Multi-Thread: fuck noob
(21:27 / All) frankfmckeez: how u know
(21:30 / All) COMMENTARIIDEBE: How did you know maphacker?
(21:33 / All) Multi-Thread: purple has 4000 gold
(21:42 / All) Multi-Thread: yellow has 5000 gold
(21:43 / All) frankfmckeez: disc hacker
(21:43 / All) COMMENTARIIDEBE: I've been on 50 food all game blue
(21:46 / All) frankfmckeez: hurry and unsummon bob
(21:48 / All) frankfmckeez: lawl
(21:49 / All) Multi-Thread: teal has 6000 gold
(21:51 / All) frankfmckeez: bob unsummon
(21:52 / All) Multi-Thread: fuck trash
(21:55 / All) COMMENTARIIDEBE: Hacking trash and you still got raped
(22:00 / All) COMMENTARIIDEBE: Kill yourself you are garbage at this game
(22:23 / All) COMMENTARIIDEBE: Quick download a drophack Mr. Scriptkiddie
(22:25 / All) Multi-Thread: green has 9500 gold
(22:28 / All) Multi-Thread: use gold fuck noob
(22:36 / All) COMMENTARIIDEBE: Why son, 50 food no need to go over
(22:49 / All) Nomarch: trapped
(23:06 / All) Multi-Thread: BIG TRASH ORANGE
(23:35 / All) Multi-Thread: BIG TRASH NOMARCH
(23:36 / All) COMMENTARIIDEBE: You lost blue, you suck just like 99% of hackers that aren't sc2no.wc4yes
(23:50 / All) COMMENTARIIDEBE: You were asspounded, hope you enjoyed it
(23:55 / All) COMMENTARIIDEBE: You will be famous on highper.ch when we upload
(24:02 / All) Multi-Thread: LALAALALALALA
(24:04 / All) Multi-Thread: LALALAALALALA
(24:07 / All) Nomarch: Gg son
(24:12 / All) Multi-Thread: 10300 gold
(24:16 / All) Multi-Thread: use gold trash green